 Dungeon Crawl Stone Soup version bcrawl-1.19.2-6-g6a88ae04c9 (webtiles) character file.

Game seed: 6215670734767384246

79 Mrkan the Covered (level 4, 0/40 HPs)
             Began as a Minotaur Fighter on Jan 7, 2020.
             Was a Follower of Lugonu.
             Succumbed to an adder's poison
             ... on level 3 of the Dungeon.
             The game lasted 00:01:47 (1314 turns).

Mrkan the Covered (Minotaur Fighter)                Turns: 1314, Time: 00:01:48

Health: 0/40       AC:  7    Str: 20    XL:     4   Next: 17%
Magic:  3/3        EV:  7    Int:  5    God:    Lugonu [*.....]
Gold:   105        SH:  9    Dex: 11    Spells: 3/3 levels left

rFire    . . .     SeeInvis .   a - +0 war axe
rCold    . . .     Gourm    .   c - +0 shield
rNeg     . . .     Faith    .   b - +0 scale mail
rPois    .         Spirit   .   (helmet restricted)
rElec    .         Reflect  .   (no cloak)
rCorr    .         Harm     .   (no gloves)
MR       .....                  (no boots)
Stlth    ..........             (no amulet)
HPRegen  0.13/turn              (no ring)
MPRegen  0.08/turn              (no ring)

@: lethally poisoned (0 -> -3)
A: retaliatory headbutt, horns 2
a: Depart the Abyss, Bend Space, Renounce Religion


You were on level 3 of the Dungeon.
You worshipped Lugonu.
Lugonu was aware of your devotion.
You were not hungry.

You visited 1 branch of the dungeon, and saw 3 of its levels.

You collected 105 gold pieces.

Inventory:

Hand Weapons
 a - a +0 war axe (weapon)
Armour
 b - a +0 scale mail (worn)
 c - a +0 shield (worn)
Jewellery
 g - a cursed -3 ring of evasion {unknown}
Wands
 q - a wand of acid (5)
Scrolls
 h - a scroll of teleportation {unknown}
 i - a scroll of noise {unknown}
 j - 2 scrolls of remove curse {unknown}
 k - a scroll of amnesia {unknown}
 m - a scroll of identify {unknown}
 n - a scroll of enchant weapon {unknown}
 p - a scroll of fog {unknown}
Potions
 d - 2 potions of might
 e - a potion of curing {unknown}
 l - a potion of haste {unknown}
 o - a potion of heal wounds {unknown}
Comestibles
 f - 3 rations {!d}


   Skills:
 + Level 4.2 Fighting
 * Level 3.9 Axes
 + Level 4.2 Armour
 + Level 4.2 Shields


You had 3 spell levels left.
You didn't know any spells.
Your spell library was empty.

Dungeon Overview and Level Annotations

Branches:
Dungeon (3/12)

Altars:
Lugonu
Yredelemnul


Innate Abilities, Weirdness & Mutations

You reflexively headbutt those who attack you in melee.
You have a pair of horns on your head.


Message History

The orc hits you but does no damage. You block the orc warrior's attack.
Your shield and scale mail prevent you from hitting the orc warrior.
You hit the orc but do no damage. You barely miss the adder.
You feel sick. The adder bites you but does no damage.
The orc barely misses you. You furiously retaliate!
You headbutt the orc!
You kill the orc!
Lugonu accepts your kill.
The orc warrior hits you with a +0 long sword!
* * * LOW HITPOINT WARNING * * *
The adder barely misses you.
You slash the orc warrior!
The orc warrior is heavily wounded.
You miss the adder. The adder bites you.
* * * LOW HITPOINT WARNING * * *
The orc warrior closely misses you. The adder bites you.
* * * LOW HITPOINT WARNING * * *
* * * LOW HITPOINT WARNING * * *
You feel sick. You block the adder's attack.
You see here a +0 club.
You die...

...# # #..:..# ####.
....... ....###
#....## #
#..)###......(#
##r)##...##...
#o)...........
...#####.S...........
#.....@.....<....[..
############.#......
..# ...## .... ###
...... ........
.g.....### #.......#


You could see an orc warrior, an adder and a rat.

Vanquished Creatures
  An orc wizard (D:3)
  2 worms
  A dart slug (D:2)
  4 orcs
  A giant cockroach (D:2)
  4 goblins
  7 hobgoblins
  8 jackals (D:1)
  A bat (D:1)
  A frilled lizard (D:2)
  6 kobolds
  2 rats
38 creatures vanquished.

Notes
Turn   | Place    | Note
-------+----------+-------------------------------------------
     0 | D:1      | Mrkan the Minotaur Fighter began the quest for the Orb.
     0 | D:1      | Reached XP level 1. HP: 19/19 MP: 0/0
   113 | D:1      | Reached XP level 2. HP: 23/27 MP: 1/1
   630 | D:2      | Reached XP level 3. HP: 33/33 MP: 2/2
  1000 | D:2      | Found a basalt altar of Yredelemnul.
  1003 | D:2      | Found a corrupted altar of Lugonu.
  1182 | D:2      | Became a worshipper of Lugonu the Unformed
  1302 | D:3      | Reached XP level 4. HP: 39/40 MP: 3/3
  1302 | D:3      | Noticed an orc warrior
  1311 | D:3      | HP: 2/40 [adder (4)]
  1314 | D:3      | Succumbed to an adder's poison

Skill      XL: |  1  2  3 |
---------------+----------+-----
Axes           | 3 |  3.9
Shields        | 4 |  4.2
Fighting       | 4 |  4.2
Armour         | 4 |  4.2

Action                   |  1- 3 |  4- 6 || total
-------------------------+-------+-------++-------
Melee: War axe           |    63 |     8 ||    71
       Headbutt          |     9 |       ||     9
  Eat: Chunk             |     1 |       ||     1
Armor: Scale mail        |    35 |    13 ||    48
Dodge: Dodged            |    24 |     8 ||    32
Block: Shield            |    33 |     8 ||    41
